 Dungeon Crawl Stone Soup version 0.31-a0-345-g1ebeae05c6 (webtiles) character file.

Game seed: 11324442884415428682

2429 LeprechaunX the Ruffian (level 9, -4/60 HPs)
             Began as an Octopode Shapeshifter on July 23, 2023.
             Slain by a wyvern (13 damage)
             ... on level 8 of the Dungeon.
             The game lasted 00:10:29 (5190 turns).

LeprechaunX the Ruffian (Octopode Shapeshifter)     Turns: 5190, Time: 00:10:30

Health: -4/60      AC:  1    Str: 19    XL:     9   Next: 48%
Magic:  4/9        EV: 14    Int: 10    God:
Gold:   365        SH:  0    Dex: 12    Spells: 8/8 levels left

rFire   . .          .
                       - Unarmed
rCold   + . .        (no shield)
rNeg    . . .        (helmet currently unavailable)
rPois   .            c - amulet of regeneration
rElec   .            h - ring of protection from cold
rCorr   .            i - ring of willpower
SInv    .            B - ring of wizardry
Will    +....        D - ring of flight
Stlth   ++           (no ring)
HPRegen 1.10/turn    (no ring)
MPRegen 0.11/turn    (no ring)
                     (no ring)

%: wizardry (x1)
@: beast-form, flying, slowed, very slow
A: beast (slay +4), almost no armour, amphibious, 8 rings, camouflage 1,
gelatinous body 1, (nimble swimmer 1), tentacles
a: Begin Untransformation


You were on level 8 of the Dungeon.
You were a hulking beast.
You visited 2 branches of the dungeon, and saw 9 of its levels.

You collected 365 gold pieces.

Inventory:

Hand Weapons
 a - a +2 antimagic sling
Missiles
 e - 5 boomerangs
 f - a throwing net
 C - 3 boomerangs of dispersal (quivered)
Armour
 m - a +0 kite shield
Jewellery
 c - an amulet of regeneration (around mantle)
 h - a ring of protection from cold (left tentacle)
 i - a ring of willpower (right tentacle)
 B - a ring of wizardry (on tentacle)
 D - a ring of flight (on tentacle)
Talismans
 b - a beast talisman
 x - a maw talisman
Wands
 u - a wand of flame (42)
 F - a wand of quicksilver (3)
 G - a wand of digging (6)
 H - a wand of roots (7)
Scrolls
 d - 2 scrolls of enchant weapon {unknown}
 g - 2 scrolls of teleportation {unknown}
 k - 4 scrolls of identify {unknown}
 o - a scroll of poison {unknown}
 p - 3 scrolls of immolation {unknown}
 t - a scroll of summoning {unknown}
 y - a scroll of noise {unknown}
 z - a scroll of brand weapon {unknown}
 A - a scroll of amnesia {unknown}
 E - a scroll of fog {unknown}
Potions
 j - 2 potions of lignification
 l - a potion of attraction {unknown}
 n - 2 potions of magic {unknown}
 q - 2 potions of brilliance {unknown}
 r - a potion of curing {unknown}
 s - 2 potions of mutation {unknown}
 v - a potion of enlightenment {unknown}
 w - a potion of berserk rage {unknown}


   Skills:
 + Level 4.8 Fighting
 - Level 4.0 Ranged Weapons
 - Level 2.0 Throwing
 + Level 5.1 Dodging
 * Level 7.4 Unarmed Combat
 * Level 6.0 Shapeshifting


You had 8 spell levels left.
You didn't know any spells.
Your spell library contained the following spells:

 Spells                   Type           Power      Damage    Failure   Level
 Sting                    Tmut/Pois      0%         1d3       16%         1
 Summon Small Mammal      Summ           0%         N/A       16%         1
 Poisonous Vapours        Pois/Air       0%         N/A       22%         2
 Sublimation of Blood     Necr           0%         N/A       22%         2
 Call Canine Familiar     Summ           0%         N/A       41%         3
 Summon Guardian Golem    Hex/Summ       0%         N/A       41%         3
 Olgreb's Toxic Radiance  Pois           0%         N/A       80%         4
 Petrify                  Tmut/Erth      0%         N/A       80%         4
 Irradiate                Conj/Tmut      0%         3d11      98%         5
 Iskenderun's Battlesphe  Conj           0%         2d6       98%         5
 Leda's Unmaking          Conj/Erth      0%         9d1       100%        6
 Spellforged Servitor     Conj/Summ      0%         N/A       100%        7


Dungeon Overview and Level Annotations

Branches:
Dungeon (8/15)             Temple (1/1) D:6
   Lair: D:8-11

Altars:
Ashenzari
Cheibriados
Dithmenos
Elyvilon
Fedhas
Gozag
Nemelex Xobeh
Okawaru
Qazlal
Ru
Sif Muna
Trog
Uskayaw
Vehumet
Wu Jian
Xom
Yredelemnul
Zin

Annotations:
D:6 1 runed translucent door


Innate Abilities, Weirdness & Mutations

You are a hulking beast.
Your limbs bulge with bestial killing power. (Slay +4)
You cannot wear most types of armour.
You are amphibious.
You can wear up to eight rings at the same time.
Your skin changes colour to match your surroundings (Stealth+).
Your rubbery body absorbs attacks. (AC +1, EV +1)
((You are camouflaged when in or above water. (Stealth+)))
You have tentacles for arms and can constrict up to eight enemies at once.


Message History

The kobold shouts!
A bullfrog comes into view.
You shoot a sling bullet. The bullfrog croaks.
The sling bullet hits the kobold brigand but does no damage.
The kobold brigand throws a curare-tipped dart.
The curare-tipped dart misses you.
A wyvern comes into view.
You shoot a sling bullet. The wyvern hisses angrily.
The sling bullet hits the kobold brigand.
The kobold brigand is lightly wounded.
A kobold comes into view. It is wielding a +0 dagger.
The kobold brigand throws a curare-tipped dart.
The curare-tipped dart hits you.
You are poisoned.
You have difficulty breathing.
You feel yourself slow down.
You shoot a sling bullet. The kobold shouts!
The sling bullet hits the kobold brigand!
The kobold brigand is heavily wounded.
You feel very sick.
You feel sick. The wyvern attacks as you move away! The wyvern bites you!
You feel sick. The wyvern bites you!
You feel sick.
You are no longer poisoned.
The wyvern closely misses you.
You shoot a sling bullet.
The sling bullet hits the wyvern but does no damage.
The wyvern barely misses you. The wyvern bites you. The wyvern bites you!
* * * LOW HITPOINT WARNING * * *
You feel magic returning to you.
You are now empty-tentacled.
You barely miss the wyvern. The wyvern misses you. The wyvern bites you.
* * * LOW HITPOINT WARNING * * *
You tentacle-slap the wyvern but do no damage.
The wyvern bites you!
* * * LOW HITPOINT WARNING * * *
The wyvern bites you!
You die...

#......##.#######..
#...#....#.. #...^..#..####
#.#.##.##.#....#
#(...........#
#.#.......#....#
#.......####.#
##.####.####.##.. #........#
#.# #............####
#.........##.###..####.####..
#.........##.##...#..... #..
#.........##..#.#.#.##.# #..
#.........###..hlF..#...#
....
#.........####.##K###._.##
.........##KK.......
....#.......#.......
............##<.....
....##...>..# ...... ...
#......# ..... .. ########
..... . ....


You could see a wyvern, a kobold brigand, a bullfrog and a kobold.

Vanquished Creatures
  Pikel (D:6)
  Sigmund (D:3)
  2 sky beasts (D:7)
  2 ice beasts
  An orc warrior (D:8)
  3 ogres
  A centaur (D:7)
  4 lemures
  A phantom (D:6)
  A bullfrog (D:8)
  A scorpion (D:7)
  3 wights (D:8)
  3 howler monkeys
  A hound (D:5)
  2 orc priests (D:6)
  2 jellies
  2 iguanas
  3 orc wizards
  7 gnolls
  8 adders
  2 shadow imps
  2 ufetubi
  A worm (D:2)
  2 dart slugs
  23 orcs
  6 ball pythons
  10 endoplasms
  A giant cockroach (D:1)
  5 hobgoblins
  3 jackals (D:1)
  5 quokkas
  6 bats
  7 frilled lizards
  5 goblins
  10 kobolds
  A kobold skeleton (D:6)
  6 rats
144 creatures vanquished.

Notes
Turn   | Place    | Note
-------+----------+-------------------------------------------
     0 | D:1      | LeprechaunX the Octopode Shapeshifter began the quest for
                  | the Orb.
     0 | D:1      | Reached XP level 1. HP: 13/13 MP: 1/1
   142 | D:1      | Reached XP level 2. HP: 18/18 MP: 2/2
   492 | D:1      | Reached XP level 3. HP: 19/23 MP: 3/3
   785 | D:2      | Found a faded altar of an unknown god.
   949 | D:2      | Reached XP level 4. HP: 29/29 MP: 1/4
   990 | D:2      | Reached skill level 1 in Throwing
  1395 | D:3      | Found a blossoming altar of Fedhas.
  1483 | D:3      | Reached XP level 5. HP: 34/34 MP: 5/5
  1539 | D:3      | Reached skill level 4 in Unarmed Combat
  1622 | D:3      | Noticed Sigmund
  1647 | D:3      | Reached skill level 1 in Ranged Weapons
  1723 | D:3      | Killed Sigmund
  1724 | D:3      | Reached XP level 6. HP: 26/41 MP: 1/6
  2143 | D:4      | Reached XP level 7. HP: 23/45 MP: 2/7
  2195 | D:4      | Found an ornate altar of the Wu Jian Council.
  2615 | D:5      | Entered Level 5 of the Dungeon
  2624 | D:5      | Reached skill level 5 in Unarmed Combat
  3263 | D:5      | Reached XP level 8. HP: 43/52 MP: 2/8
  3511 | D:6      | Noticed Pikel
  3730 | D:6      | Killed Pikel
  3731 | D:6      | Reached skill level 6 in Unarmed Combat
  3731 | D:6      | Reached skill level 5 in Shapeshifting
  3802 | D:6      | Found a staircase to the Ecumenical Temple.
  3968 | D:6      | Found a shadowy altar of Dithmenos.
  4044 | D:6      | Found a runed translucent door.
  4052 | D:6      | Found a basalt altar of Yredelemnul.
  4188 | Temple   | Entered the Ecumenical Temple
  4328 | D:7      | Reached XP level 9. HP: 58/58 MP: 3/9
  4407 | D:7      | Found an opulent altar of Gozag.
  4734 | D:7      | Reached skill level 7 in Unarmed Combat
  4987 | D:8      | Reached skill level 5 in Dodging
  5001 | D:8      | Found a radiant altar of Vehumet.
  5030 | D:8      | Found a sparkling altar of Nemelex Xobeh.
  5044 | D:8      | Found a white marble altar of Elyvilon.
  5190 | D:8      | Slain by a wyvern

Illustrated notes

Levels and vault maps discovered:
D:1:      ncdulo_lavacross, layout_basic
D:2:      layout_loops_cross, hellmonk_ecumenical_altar_lost_god
D:3:      layout_rooms, fedhas_altar_3, minmay_surrounded, uniq_sigmund
D:4:      layout_cave_pools, nicolae_overflow_crystal_walls
D:5:      layout_loops_corners
D:6:      layout_cave_pools, nicolae_dithmenos_the_darkroom,
          dk_yredelemnul_ordeal, minmay_temple_entry_mist, uniq_pikel
D:7:      layout_basic, lemuel_tele_altar, kennysheep_generic_room_15
D:8:      wander_river, layout_rooms,
          chequers_temple_overflow_statue_of_worship,
          nicolae_vehumet_altar_sigil, mainiacjoe_overflow_large_starburst
Temple:   dpeg_chambers_temple

Skill      XL: |  1  2  3  4  5  6  7  8  9 |
---------------+----------------------------+-----
Throwing       | 1 2 |  2.0
Fighting       | 2 3 4 |  4.8
Unarmed Combat | 4 5 6 7 |  7.4
Ranged Weapons | 1 2 3 4 |  4.0
Dodging        | 3 4 5 |  5.1
Shapeshifting  | 4 5 6 |  6.0

Action                     |  1- 3 |  4- 6 |  7- 9 || total
---------------------------+-------+-------+-------++-------
  Melee: Unarmed           |    68 |    43 |    77 ||   188
         Tentacles         |    11 |     9 |    26 ||    46
         Constrict         |    16 |    10 |    13 ||    39
         Punch             |     1 |     4 |     4 ||     9
   Fire: Sling             |     8 |    65 |   183 ||   256
  Throw: Boomerang         |     1 |       |       ||     1
    Use: Potion            |       |     1 |       ||     1
   Stab: Sleeping          |     7 |     1 |       ||     8
 Armour: Skin              |    11 |     9 |     5 ||    25
  Dodge: Dodged            |    43 |    38 |    61 ||   142

Table legend: (Time is in decaauts)
 A = Elapsed time spent in this place.
 B = Non-inter-level travel time spent in this place.
 C = Inter-level travel time spent in this place.
 D = Time resting spent in this place.
 E = Time spent auto-exploring this place.
 F = Levels seen in this place.
 G = Mean time per level.
                   A        B        C        D        E       F      G
               +--------+--------+--------+--------+--------+-----+--------+
         Total |   5209 |   4783 |    426 |    170 |   3529 |   9 |  578.8 |
       Dungeon |   5207 |   4781 |    426 |    170 |   3529 |   8 |  650.9 |
        Temple |      1 |      1 |      0 |      0 |      0 |   1 |    1.0 |
               +--------+--------+--------+--------+--------+-----+--------+

Top non-repeatable levels by time:
     D:5: 1047 daAuts
     D:3: 693 daAuts
     D:1: 680 daAuts
     D:2: 680 daAuts
     D:7: 675 daAuts
     D:6: 648 daAuts
     D:4: 564 daAuts
     D:8: 216 daAuts
  Temple: 1 daAuts
